[Event "98th Caplin Hastings Masters 2024-25"]
[Site "Hastings"]
[Date "2024.12.29"]
[Round "3.21"]
[White "Roux, Baptiste"]
[Black "Brown, Tom"]
[Result "1-0"]
[ECO "B72"]
[WhiteElo "2338"]
[BlackElo "1932"]
[Annotator "TA"]
[PlyCount "49"]
[EventDate "2024.12.23"]
[EventType "swiss"]
[EventCountry "ENG"]
[SourceTitle "playchess.com"]
[Source "ChessBase"]
[SourceQuality "1"]
[TimeControl "5400+30"]

1. e4 c5 2. Nf3 g6 3. d4 cxd4 4. Nxd4 Nf6 5. Nc3 d6 6. Be3 Nc6 7. f3 {[%emt 0:00:21] Prevents Ng4} h5 8. Qd2 Nxd4 9. Bxd4 Bh6 10. Qf2 Qa5 11. Bc4 e5 (11... Be6 $14 12. Bxe6 fxe6) 12. Be3 $16 Bxe3 13. Qxe3 Qc5 14. Qxc5 dxc5 15. O-O-O {[%emt 0:01:26] White is more active.} Be6 16. Bxe6 fxe6 {[%emt 0:00:05] [#]} 17. Rd6 (17. Nb5 $1 $16 {[%cal Rb5c7] Nc7+ would now be deadly.} Ke7 18. Nd6) 17... Ke7 $14 18. Rhd1 Nd5 $2 19. Nb5 $18 (19. Nxd5+ Kxd6 20. Nf4+ (20. Nb6+ Ke7 $14) 20... Kc7 21. Nxe6+ Kc6 $11) 19... Ne3 (19... Nb6 $16 {was worth a try.} 20. Nc7 Rac8) 20. Rd7+ Kf6 21. R1d2 Nc4 22. R2d3 a6 23. Nd6 ({White should play} 23. Nc7 $18 Rac8 24. Nxe6 Kxe6 25. b3 (25. Rxb7 Rhd8 $17)) 23... Nxd6 $16 24. R3xd6 b5 25. Rc7 1-0

[Event "98th Caplin Hastings Masters 2024-25"]
[Site "Hastings"]
[Date "2024.12.29"]
[Round "3.22"]
[White "Burrows, Martin P"]
[Black "Lucas, Arthur"]
[Result "0-1"]
[ECO "B72"]
[WhiteElo "2042"]
[BlackElo "2335"]
[Annotator "TA"]
[PlyCount "70"]
[EventDate "2024.12.23"]
[EventType "swiss"]
[EventCountry "ENG"]
[SourceTitle "playchess.com"]
[Source "ChessBase"]
[SourceQuality "1"]
[TimeControl "5400+30"]

1. e4 c5 2. Nf3 d6 3. d4 cxd4 4. Nxd4 Nf6 5. Nc3 g6 6. Be3 Nc6 7. f3 {[%emt 0:01:07] Prevents Ng4} h5 8. Qd2 Nxd4 9. Bxd4 Bh6 10. Qf2 Qa5 11. Bb5+ Kf8 12. O-O e5 13. Be3 Bxe3 14. Qxe3 Be6 15. Kh1 (15. Ba4 {seems wilder.} Qc5 16. Kf2 a6 17. Bb3) 15... Rc8 16. Be2 Qc5 17. Qg5 (17. Qxc5 {simplifies} Rxc5 18. Bd3 Ke7 19. Kg1) 17... Kg7 18. Rad1 (18. h4 $11) 18... h4 $15 19. f4 Nh5 $1 20. Bxh5 (20. Qxh4 $2 Nxf4 21. Qg3 Rxh2+ 22. Qxh2 Rh8 $19) (20. f5 $2 Ng3+ 21. hxg3 hxg3+ $19) 20... Rxh5 21. Qe7 h3 $1 22. g3 (22. gxh3 $17 Bxh3 23. fxe5 Bxf1 24. Qf6+ Kg8 25. Rxf1 Qxe5 (25... Rxe5 $2 26. Qxf7+ Kh8 27. Qxg6 $18) 26. Qxf7+ Kh8 27. Rf2) 22... exf4 (22... Qb4 $19 {( -> ...Rxc3)} 23. Qxd6 Qxb2) 23. gxf4 Qb4 24. Qxd6 Qxb2 25. f5 gxf5 $2 {[%emt 0:11:44] Active counter play!} (25... Qxc3 26. fxe6 fxe6 (26... Qxc2 27. Rxf7+ Kh6 28. Qf4+ Rg5 29. Rg1) 27. Qe7+ Kh6 28. Rf7 $11) (25... Qxc2 $19 26. Rd2 Qxc3 27. fxe6 Qe3 28. Qd4+ (28. exf7 $2 Qxe4+ 29. Kg1 Rg5+ $19) (28. Rxf7+ $2 Kh6 $19) 28... Qxd4 29. Rxd4 fxe6 30. Rd7+ Kh6 31. Rxb7 Ra5) 26. Rg1+ ({White must play} 26. exf5 $16 {Intending Qd4+ and mate.} Qxc3 (26... Bxf5 $2 27. Rxf5 Rxf5 28. Rg1+ $18) (26... Rxf5 $2 27. Rg1+ Kh6 28. Rd3 $18) 27. fxe6 Qc6+ (27... fxe6 28. Qe7+ Kh8 29. Rf8+ Rxf8 30. Qxf8+ Kh7 31. Qf7+ Kh6 32. Qxe6+ Kg5 33. Rg1+ Kf4 34. Rg4+ Kf3 35. Qe4+ Kf2 36. Rf4+) 28. Qxc6 Rxc6 29. exf7 (29. Rxf7+ Kg6 $14)) 26... Kh7 $11 {[%emt 0:00:33] Some like it hot} 27. Nd5 Rxc2 (27... fxe4 $6 28. Qe7 Rh6 (28... Rxd5 29. Qh4+) (28... Bxd5 29. Rxd5) 29. c3 $16) 28. Ne3 $1 {[%emt 0:04:26] and Qg3 should not be overlooked Repels Rg2} Rc8 {[%emt 0:01:40] Threatens to win with ...Qf2.} 29. exf5 {[%emt 0:03:54] [#]} (29. Nd5 $11 {keeps the balance.}) 29... Qf2 $1 $40 {[%emt 0:00:45][%mdl 128] ( -> ...Qf3+) Black is up to no good.} (29... Bxf5 $2 30. Nxf5 Rxf5 31. Rd3 $18) (29... Bxa2 $6 30. Ng4 Rc6 31. Qg3 $11) 30. fxe6 $4 {[%emt 0:04:35][%mdl 8192] [#]} (30. Rg3 $15 Bxf5 (30... Bxa2 $2 {loses.} 31. Ng4 $18) 31. Qd4) 30... Qf3+ $1 (30... Qxe3 31. Qd3+ Qxd3 32. Rxd3 $11) 31. Ng2 Rg5 32. Qd2 hxg2+ ({Worse is} 32... Rxg2 33. Rxg2 Qxg2+ (33... hxg2+ 34. Kg1 $17) 34. Qxg2 hxg2+ 35. Kg1 $15) 33. Rxg2 Rxg2 34. Qd3+ Qxd3 35. Rxd3 Re2 0-1

[Event "98th Caplin Hastings Masters 2024-25"]
[Site "Hastings"]
[Date "2024.12.29"]
[Round "3.23"]
[White "Lux, Hugo de Melo"]
[Black "Dette, Jan"]
[Result "1-0"]
[ECO "C11"]
[WhiteElo "2327"]
[BlackElo "2102"]
[Annotator "RC"]
[PlyCount "87"]
[EventDate "2024.12.23"]
[EventType "swiss"]
[EventCountry "ENG"]
[SourceTitle "playchess.com"]
[Source "ChessBase"]
[SourceQuality "1"]
[TimeControl "5400+30"]

1. e4 e6 2. d4 d5 3. Nc3 Nf6 4. e5 Nfd7 5. f4 c5 6. Nf3 Nc6 7. Be3 Be7 8. a3 f6 9. exf6 Bxf6 10. Qd2 cxd4 11. Nxd4 Nxd4 12. Bxd4 O-O 13. O-O-O e5 14. fxe5 Nxe5 15. Kb1 Bg4 16. Re1 Nc4 17. Qf4 Bh5 18. Bxc4 dxc4 19. Bxf6 Rxf6 20. Qxc4+ Bf7 21. Qc5 b6 22. Qe3 Qc7 23. h4 Re8 24. Qg5 Rd8 25. Rd1 h6 26. Rxd8+ Qxd8 27. Qe3 Qa8 28. Rg1 a6 29. b3 Qc6 30. Kb2 Bg6 31. g4 Rf3 32. Qd4 b5 33. h5 Bf7 34. Ne4 a5 35. Nd6 Rf6 36. Nf5 Qe6 37. Qd8+ Kh7 38. Qf8 Rxf5 39. gxf5 Qf6+ 40. Kb1 a4 41. Rg6 Qc3 42. Qxf7 Qe1+ 43. Ka2 axb3+ 44. Qxb3 1-0

[Event "98th Caplin Hastings Masters 2024-25"]
[Site "Hastings"]
[Date "2024.12.29"]
[Round "3.24"]
[White "Nielsen, Andre"]
[Black "Verbin, Valentina"]
[Result "1-0"]
[ECO "C13"]
[WhiteElo "2276"]
[BlackElo "2093"]
[Annotator "RC"]
[PlyCount "107"]
[EventDate "2024.12.23"]
[EventType "swiss"]
[EventCountry "ENG"]
[SourceTitle "playchess.com"]
[Source "ChessBase"]
[SourceQuality "1"]
[TimeControl "5400+30"]

1. e4 e6 2. d4 d5 3. Nc3 Nf6 4. Bg5 dxe4 5. Nxe4 Be7 6. Nxf6+ Bxf6 7. Bxf6 Qxf6 8. Nf3 O-O 9. Qd3 Nd7 10. O-O-O b6 11. Qe4 Qh6+ 12. Kb1 Rb8 13. Bd3 Bb7 14. Qe3 Qxe3 15. fxe3 c5 16. Rhf1 Nf6 17. Rde1 Rbd8 18. c3 Be4 19. Kc2 b5 20. Bxe4 Nxe4 21. Ne5 b4 22. Kd3 Nd6 23. dxc5 Nb7+ 24. Kc2 bxc3 25. c6 Nd6 26. Rd1 Nf5 27. Rxd8 Rxd8 28. Kxc3 f6 29. Nc4 Rc8 30. e4 Ne7 31. Rd1 Nxc6 32. b3 Ne5 33. Rd6 Kf7 34. Ra6 Rc7 35. Kd4 Nxc4 36. bxc4 h5 37. c5 Ke7 38. Kc4 Kd7 39. Rd6+ Ke7 40. Rd3 Rd7 41. Ra3 Rc7 42. Rh3 g6 43. Rg3 Kf7 44. Kb5 Rb7+ 45. Kc6 Rb8 46. Ra3 Rc8+ 47. Kd6 Ra8 48. Kd7 Re8 49. c6 Re7+ 50. Kd6 e5 51. c7 Re6+ 52. Kd5 Re8 53. Rxa7 Kf8 54. Rb7 1-0

[Event "98th Caplin Hastings Masters 2024-25"]
[Site "Hastings"]
[Date "2024.12.29"]
[Round "3.25"]
[White "Bharat Kumar, Balahari"]
[Black "Bozinakis, Pavlos"]
[Result "0-1"]
[ECO "A00"]
[WhiteElo "2063"]
[BlackElo "2271"]
[Annotator "RC"]
[PlyCount "76"]
[EventDate "2024.12.23"]
[EventType "swiss"]
[EventCountry "ENG"]
[SourceTitle "playchess.com"]
[Source "ChessBase"]
[SourceQuality "1"]
[TimeControl "5400+30"]

1. g3 e5 2. Bg2 d5 3. d3 Nf6 4. a3 c5 5. b3 Nc6 6. Bb2 Bd6 7. Nd2 O-O 8. e3 Re8 9. Ne2 Be6 10. O-O Rc8 11. h3 d4 12. Nc4 Bb8 13. a4 a6 14. f4 exf4 15. exf4 Bd5 16. Rf2 Bxg2 17. Rxg2 Nd5 18. Bc1 b5 19. Na3 Qb6 20. Bd2 Ne3 21. Bxe3 Rxe3 22. Qd2 Rce8 23. Re1 Bd6 24. axb5 axb5 25. Ra1 Nb4 26. Kh2 h5 27. h4 Qb7 28. Ng1 Nd5 29. Qa5 Ra8 30. Qd2 b4 31. Nc4 Rxa1 32. Nxd6 Qd7 33. Nc4 Ree1 34. Ne5 Qf5 35. Nef3 Red1 36. Qe2 Ne3 37. Rf2 f6 38. Kh1 Qh3+ 0-1

[Event "98th Caplin Hastings Masters 2024-25"]
[Site "Hastings"]
[Date "2024.12.29"]
[Round "3.26"]
[White "Schimnatkowski, Lukas"]
[Black "Gorainow, Nikita"]
[Result "1-0"]
[ECO "B21"]
[WhiteElo "2221"]
[BlackElo "2045"]
[Annotator "RC"]
[PlyCount "95"]
[EventDate "2024.12.23"]
[EventType "swiss"]
[EventCountry "ENG"]
[SourceTitle "playchess.com"]
[Source "ChessBase"]
[SourceQuality "1"]
[TimeControl "5400+30"]

1. e4 c5 2. Nc3 e6 3. f4 d5 4. Nf3 dxe4 5. Nxe4 Nc6 6. g3 Be7 7. Bg2 Nf6 8. d3 Nxe4 9. dxe4 Qxd1+ 10. Kxd1 O-O 11. c3 b6 12. Kc2 Rd8 13. Be3 Ba6 14. Rad1 Be2 15. Rd2 Rxd2+ 16. Nxd2 e5 17. f5 Ba6 18. g4 Rd8 19. Bf1 Bb7 20. Bd3 Na5 21. b3 a6 22. Be2 Rd7 23. g5 b5 24. f6 Bf8 25. fxg7 Kxg7 26. Rf1 Be7 27. Bh5 Bd8 28. Rf5 f6 29. gxf6+ Bxf6 30. Bxc5 Nc6 31. Be8 Rc7 32. b4 Ne7 33. Rf1 Ng6 34. a4 Rc8 35. Bd7 Rc7 36. Bf5 Be7 37. axb5 Bxc5 38. bxc5 axb5 39. Nb3 Ne7 40. Kd3 b4 41. Rg1+ Kf6 42. cxb4 Nxf5 43. exf5 Kxf5 44. Kc4 Bf3 45. b5 e4 46. Nd4+ Ke5 47. Rg5+ Kf6 48. Nxf3 1-0

[Event "98th Caplin Hastings Masters 2024-25"]
[Site "Hastings"]
[Date "2024.12.29"]
[Round "3.27"]
[White "Lishoy Gengis Paratazham, Dildarav"]
[Black "Steiners, Emils"]
[Result "1/2-1/2"]
[ECO "A13"]
[WhiteElo "2037"]
[BlackElo "2209"]
[Annotator "RC"]
[PlyCount "173"]
[EventDate "2024.12.23"]
[EventType "swiss"]
[EventCountry "ENG"]
[SourceTitle "playchess.com"]
[Source "ChessBase"]
[SourceQuality "1"]
[TimeControl "5400+30"]

1. Nf3 d5 2. c4 e6 3. g3 Nf6 4. Bg2 Nbd7 5. cxd5 exd5 6. O-O Be7 7. b3 O-O 8. Bb2 c6 9. d3 b6 10. Nbd2 Ba6 11. Nd4 Rc8 12. Rc1 c5 13. Nf5 Re8 14. Nxe7+ Qxe7 15. Re1 Qd6 16. Qc2 d4 17. Nc4 Qb8 18. Qd2 Ne5 19. Nxe5 Qxe5 20. a3 Qd6 21. Rcd1 h5 22. e4 h4 23. Bh3 Rcd8 24. Qf4 Re5 25. Bc1 Rde8 26. Qf3 Qc6 27. Bf4 R5e7 28. Bg5 hxg3 29. fxg3 Rc7 30. Bf4 Rb7 31. Bg2 Qe6 32. e5 Nh7 33. Qc6 Rbe7 34. Qxe6 Rxe6 35. h4 R6e7 36. Bc6 Rc8 37. Bd5 Nf8 38. Be4 Ne6 39. Bd2 Nd8 40. b4 Kf8 41. bxc5 bxc5 42. Bf4 Ne6 43. Rc1 Bb5 44. Rc2 a6 45. Rec1 Rec7 46. Kf2 Rb8 47. Rb2 Rd8 48. Rbc2 Bc6 49. Bf5 Ba4 50. Rc4 Bb5 51. R4c2 Rdc8 52. Bd2 Ba4 53. Bxe6 fxe6 54. Rxc5 Rxc5 55. Bb4 Kf7 56. Rxc5 Rb8 57. Rc4 a5 58. Bxa5 Rb2+ 59. Ke1 Bb5 60. Rb4 Rxb4 61. axb4 Bxd3 62. Bb6 Kg6 63. Bxd4 Kf5 64. Kd2 Ke4 65. Be3 Ba6 66. Bf4 g6 67. Kc3 Bf1 68. Kb3 Bb5 69. Ka3 Kf5 70. Kb3 Ke4 71. Kc3 Ba6 72. Kc2 Bd3+ 73. Kd2 Ba6 74. Ke1 Kf3 75. Kd1 Ke4 76. Kd2 Bb5 77. Kc3 Ba6 78. b5 Bxb5 79. Kb4 Bd3 80. Kc5 Kf3 81. Kd6 Bf5 82. Ke7 Kg4 83. Kf6 Kh5 84. Kg7 Bg4 85. Kf6 Bf5 86. Kf7 Bg4 87. Kf6 1/2-1/2

[Event "98th Caplin Hastings Masters 2024-25"]
[Site "Hastings"]
[Date "2024.12.29"]
[Round "3.28"]
[White "Verbytski, Oleg"]
[Black "Bin-Suhayl, Ieysaa"]
[Result "1/2-1/2"]
[ECO "C54"]
[WhiteElo "2033"]
[BlackElo "2183"]
[Annotator "RC"]
[PlyCount "68"]
[EventDate "2024.12.23"]
[EventType "swiss"]
[EventCountry "ENG"]
[SourceTitle "playchess.com"]
[Source "ChessBase"]
[SourceQuality "1"]
[TimeControl "5400+30"]

1. e4 e5 2. Nf3 Nc6 3. Bc4 Bc5 4. c3 Nf6 5. d3 d6 6. Nbd2 a6 7. a4 O-O 8. O-O Re8 9. h3 Be6 10. Re1 Bxc4 11. dxc4 a5 12. Nf1 Ne7 13. Qc2 Ng6 14. Be3 Bxe3 15. fxe3 c6 16. Rad1 Qc7 17. Ng3 Rad8 18. b4 b5 19. axb5 axb4 20. cxb4 cxb5 21. c5 Rc8 22. Rc1 dxc5 23. bxc5 Qc6 24. Qb3 Nxe4 25. Nxe4 Qxe4 26. Qxf7+ Kh8 27. Qb3 Rf8 28. Rf1 h6 29. Kh1 Qc6 30. Qb4 Rf5 31. Kh2 Rcf8 32. Nd2 Rxf1 33. Rd1 R8f2 34. Rxf1 Rxf1 1/2-1/2

[Event "98th Caplin Hastings Masters 2024-25"]
[Site "Hastings"]
[Date "2024.12.29"]
[Round "3.29"]
[White "Rida, Ruqayyah"]
[Black "Dewangan, Aayush"]
[Result "1-0"]
[ECO "B80"]
[WhiteElo "2019"]
[BlackElo "1878"]
[Annotator "RC"]
[PlyCount "75"]
[EventDate "2024.12.23"]
[EventType "swiss"]
[EventCountry "ENG"]
[SourceTitle "playchess.com"]
[Source "ChessBase"]
[SourceQuality "1"]
[TimeControl "5400+30"]

1. e4 c5 2. Nf3 d6 3. d4 cxd4 4. Nxd4 Nf6 5. Nc3 a6 6. f3 e6 7. Be3 b5 8. a3 Nbd7 9. Qd2 Nb6 10. a4 Nc4 11. Bxc4 bxc4 12. O-O Qc7 13. a5 Bb7 14. Rfe1 Be7 15. Bf2 O-O 16. Qe2 Rab8 17. Nd1 Nd7 18. Ne3 Rfc8 19. Ra4 Ne5 20. f4 Qd7 21. Rb4 Ng6 22. Nxc4 d5 23. Nb6 Qc7 24. Rb3 Nxf4 25. Qg4 Rd8 26. Rc3 Qe5 27. Nf3 h5 28. Qg3 h4 29. Qg4 f5 30. exf5 exf5 31. Rxe5 fxg4 32. Rxe7 gxf3 33. Rcc7 fxg2 34. Rxg7+ Kh8 35. Rh7+ Kg8 36. Rcg7+ Kf8 37. Bc5+ Ke8 38. Rh8# 1-0

[Event "98th Caplin Hastings Masters 2024-25"]
[Site "Hastings"]
[Date "2024.12.29"]
[Round "3.30"]
[White "Bhatia, Kanishka"]
[Black "Kim, Taewoo A"]
[Result "1/2-1/2"]
[ECO "D31"]
[WhiteElo "2018"]
[BlackElo "1863"]
[Annotator "RC"]
[PlyCount "109"]
[EventDate "2024.12.23"]
[EventType "swiss"]
[EventCountry "ENG"]
[SourceTitle "playchess.com"]
[Source "ChessBase"]
[SourceQuality "1"]
[TimeControl "5400+30"]

1. d4 d5 2. c4 e6 3. Nc3 c6 4. Nf3 dxc4 5. a4 Bb4 6. e3 b5 7. Bd2 a5 8. axb5 Bxc3 9. Bxc3 cxb5 10. b3 Bb7 11. bxc4 b4 12. Bd2 Nf6 13. Bd3 Nbd7 14. O-O O-O 15. Qc2 Qc7 16. e4 e5 17. Bg5 exd4 18. Nxd4 Ng4 19. g3 Qc5 20. Nf5 f6 21. Bf4 Nge5 22. Be3 Qc7 23. Ne7+ Kh8 24. Be2 Nb6 25. c5 Qxe7 26. cxb6 Rfc8 27. Qb3 Bxe4 28. Rfc1 Qb7 29. Qe6 Nf3+ 30. Bxf3 Bxf3 31. Rxc8+ Qxc8 32. Qxc8+ Rxc8 33. Rxa5 Rd8 34. Ra1 b3 35. b7 b2 36. Re1 h5 37. Bd4 Bxb7 38. Bxb2 Bf3 39. Bc3 Kh7 40. Re3 Rd1+ 41. Be1 Bg4 42. Kg2 Bd7 43. f4 Ra1 44. Re2 Bg4 45. Re3 Ra2+ 46. Bf2 Kg6 47. Rc3 Rb2 48. Ra3 Rc2 49. Re3 Ra2 50. Rc3 Rb2 51. Rc7 Ra2 52. Rc1 Rb2 53. Rc7 Ra2 54. Rc1 Rb2 55. Rc7 1/2-1/2

[Event "98th Caplin Hastings Masters 2024-25"]
[Site "Hastings"]
[Date "2024.12.29"]
[Round "3.31"]
[White "Sasikumar, Srivathsan"]
[Black "White, Stuart A"]
[Result "1/2-1/2"]
[ECO "B73"]
[WhiteElo "1904"]
[BlackElo "2017"]
[Annotator "RC"]
[PlyCount "161"]
[EventDate "2024.12.23"]
[EventType "swiss"]
[EventCountry "ENG"]
[SourceTitle "playchess.com"]
[Source "ChessBase"]
[SourceQuality "1"]
[TimeControl "5400+30"]

1. e4 c5 2. Nf3 d6 3. d4 cxd4 4. Nxd4 Nf6 5. Nc3 Nc6 6. Be2 g6 7. Be3 Bg7 8. O-O O-O 9. Qd2 Ng4 10. Bxg4 Bxg4 11. f3 Bd7 12. Rad1 a6 13. Nd5 Ne5 14. b3 b5 15. h3 Rc8 16. f4 Nc6 17. f5 Ne5 18. Bh6 f6 19. Bxg7 Kxg7 20. Nf4 Qb6 21. Kh1 Rh8 22. Nfe6+ Bxe6 23. Nxe6+ Kf7 24. Qd5 Ke8 25. Nf4 Qc6 26. Qe6 Qd7 27. Rxd6 Qxe6 28. Rxe6 Rxc2 29. Rxa6 Kf7 30. Nd5 gxf5 31. exf5 Rg8 32. Nf4 Rd8 33. Rb6 Rxa2 34. Rxb5 Rdd2 35. Rb8 Rab2 36. b4 Nc6 37. Rh8 Kg7 38. Rc8 Nd4 39. Rc5 Rxb4 40. Re1 Kf7 41. Rd5 Nb3 42. Rxd2 Nxd2 43. Ne6 Ne4 44. Ra1 Ng3+ 45. Kh2 Nxf5 46. Nc5 Rb2 47. Nd3 Rd2 48. Ne1 Ne3 49. Kg3 Rd1 50. Rxd1 Nxd1 51. Nd3 Nc3 52. Kf4 e6 53. g4 Nd5+ 54. Kf3 Kg6 55. Nc5 Nc7 56. Ne4 f5 57. gxf5+ exf5 58. Nc3 Ne6 59. Nd5 Kg5 60. Ne7 Kf6 61. Nc6 Kg5 62. Ne7 Ng7 63. Kg3 h5 64. Nd5 h4+ 65. Kf3 Ne6 66. Ke3 f4+ 67. Ke4 Nc5+ 68. Kf3 Nd3 69. Nc3 Kf5 70. Ne2 Ne5+ 71. Kf2 f3 72. Nc3 Kf4 73. Nd5+ Ke4 74. Nf6+ Kd4 75. Nh7 Ke4 76. Nf6+ Kf4 77. Nd5+ Kf5 78. Ke3 Ke6 79. Nc3 Kf6 80. Ne4+ Kf5 81. Nd2 1/2-1/2

[Event "98th Caplin Hastings Masters 2024-25"]
[Site "Hastings"]
[Date "2024.12.29"]
[Round "3.32"]
[White "Rayner, Francis"]
[Black "Flynn, David"]
[Result "1/2-1/2"]
[ECO "B37"]
[WhiteElo "2013"]
[BlackElo "1834"]
[Annotator "NA RC"]
[PlyCount "62"]
[EventDate "2024.12.23"]
[EventType "swiss"]
[EventCountry "ENG"]
[SourceTitle "playchess.com"]
[Source "ChessBase"]
[SourceQuality "1"]
[TimeControl "5400+30"]

1. e4 c5 2. Nf3 Nc6 3. d4 cxd4 4. Nxd4 g6 5. c4 Nf6 6. Nc3 d6 7. Nc2 Bg7 8. Be2 Nd7 9. Be3 Bxc3+ 10. bxc3 Qa5 11. Qd2 Nc5 12. f3 Na4 13. Nb4 Be6 14. Rb1 Nxb4 15. cxb4 Qc7 16. O-O O-O 17. Rfc1 Nb6 18. Qb2 Rfc8 19. c5 Nd7 20. Bf4 Ne5 21. Kf1 f6 22. a4 a6 23. cxd6 Qxd6 24. Rd1 Qb8 25. Bg3 Nc4 26. Qd4 Qa7 27. Qxa7 Rxa7 28. Bf2 Raa8 29. a5 Na3 30. Rb2 Nc4 31. Rbb1 Na3 1/2-1/2

[Event "98th Caplin Hastings Masters 2024-25"]
[Site "Hastings"]
[Date "2024.12.29"]
[Round "3.33"]
[White "Rastogi, Nayan Keats"]
[Black "Malinovskii, Ilia"]
[Result "1/2-1/2"]
[ECO "C19"]
[WhiteElo "1892"]
[BlackElo "2003"]
[Annotator "RC"]
[PlyCount "123"]
[EventDate "2024.12.23"]
[EventType "swiss"]
[EventCountry "ENG"]
[SourceTitle "playchess.com"]
[Source "ChessBase"]
[SourceQuality "1"]
[TimeControl "5400+30"]

1. e4 e6 2. d4 d5 3. Nc3 Bb4 4. e5 c5 5. a3 Bxc3+ 6. bxc3 Ne7 7. h4 Qc7 8. h5 h6 9. Nf3 Bd7 10. Bd2 Ba4 11. Bd3 c4 12. Be2 Nd7 13. Nh4 O-O-O 14. f4 Rdg8 15. O-O g6 16. hxg6 fxg6 17. Bg4 Nf5 18. Nxf5 gxf5 19. Bh5 Nf8 20. Be1 Qg7 21. Qd2 Qe7 22. Rf3 Be8 23. Bxe8 Qxe8 24. Rh3 Rg4 25. Kh2 Ng6 26. Bg3 h5 27. Rf1 Rg8 28. Be1 h4 29. g3 Qe7 30. gxh4 Nxh4 31. Bxh4 Rxh4 32. Rff3 Rhg4 33. Rfg3 Rxg3 34. Rxg3 Rxg3 35. Kxg3 Qxa3 36. Kh4 Qe7+ 37. Kg3 Qg7+ 38. Kf2 Qg4 39. Qc1 a6 40. Qa3 Qxf4+ 41. Ke2 Qg4+ 42. Kf2 Qh4+ 43. Ke2 Qd8 44. Qc5+ Kb8 45. Kf3 Qc7 46. Qf8+ Ka7 47. Qg8 Qe7 48. Qc8 a5 49. Qh8 a4 50. Qh6 a3 51. Qf6 Qd7 52. Qf8 b6 53. Qxa3+ Kb7 54. Qf8 Qh7 55. Kg3 Qg6+ 56. Kf2 f4 57. Qe7+ Kc8 58. Qf8+ Kd7 59. Qd6+ Ke8 60. Qc6+ Kf8 61. Qd6+ Kg8 62. Qd8+ 1/2-1/2

[Event "98th Caplin Hastings Masters 2024-25"]
[Site "Hastings"]
[Date "2024.12.29"]
[Round "3.34"]
[White "Stokes, Stephen"]
[Black "Zhang, Kendrick Botong"]
[Result "0-1"]
[ECO "D02"]
[WhiteElo "1866"]
[BlackElo "1979"]
[Annotator "RC"]
[PlyCount "108"]
[EventDate "2024.12.23"]
[EventType "swiss"]
[EventCountry "ENG"]
[SourceTitle "playchess.com"]
[Source "ChessBase"]
[SourceQuality "1"]
[TimeControl "5400+30"]

1. d4 Nf6 2. Nf3 g6 3. Nbd2 d5 4. e3 c5 5. c3 cxd4 6. exd4 Bg7 7. Bb5+ Bd7 8. Qe2 O-O 9. O-O a6 10. Bxd7 Nbxd7 11. Re1 e6 12. Ne5 Nxe5 13. Qxe5 Ne4 14. Qf4 Nxd2 15. Bxd2 b5 16. a3 Re8 17. Re2 f6 18. Rae1 e5 19. Qh4 e4 20. Bh6 Bxh6 21. Qxh6 f5 22. h4 Qf6 23. h5 Qg7 24. Qf4 Qf6 25. Qh6 f4 26. f3 Qf5 27. fxe4 Rxe4 28. hxg6 hxg6 29. Qh3 Qxh3 30. gxh3 Rae8 31. Kf2 Rxe2+ 32. Rxe2 Rxe2+ 33. Kxe2 g5 34. Kf3 Kf7 35. b3 a5 36. a4 bxa4 37. bxa4 Kf6 38. Kg4 Kg6 39. Kf3 Kf5 40. Kf2 Ke4 41. Ke2 f3+ 42. Kf2 Kf4 43. c4 dxc4 44. d5 Ke5 45. d6 Kxd6 46. Kxf3 Kd5 47. Ke3 Ke5 48. Kd2 Kd4 49. Kc2 c3 50. Kc1 Kd3 51. Kd1 c2+ 52. Kc1 Kc3 53. h4 g4 54. h5 g3 0-1

[Event "98th Caplin Hastings Masters 2024-25"]
[Site "Hastings"]
[Date "2024.12.29"]
[Round "3.35"]
[White "Kennedy, Craig"]
[Black "Suez-Panama, Gilles"]
[Result "1-0"]
[ECO "C02"]
[WhiteElo "1851"]
[BlackElo "1979"]
[Annotator "RC"]
[PlyCount "139"]
[EventDate "2024.12.23"]
[EventType "swiss"]
[EventCountry "ENG"]
[SourceTitle "playchess.com"]
[Source "ChessBase"]
[SourceQuality "1"]
[TimeControl "5400+30"]

1. e4 e6 2. d4 d5 3. e5 c5 4. c3 Nc6 5. Nf3 Bd7 6. Bd3 Rc8 7. a3 c4 8. Bc2 Na5 9. O-O Be7 10. Be3 Bc6 11. Nbd2 Qd7 12. h4 h6 13. h5 b5 14. Nh2 Kd8 15. Qg4 Bf8 16. f4 f5 17. exf6 Nxf6 18. Qh3 Bd6 19. Nhf3 Qe7 20. Rae1 Be8 21. g4 Kc7 22. Ne5 Nc6 23. Bf2 Bxe5 24. fxe5 Nh7 25. Bh4 Ng5 26. Qe3 Nd8 27. Bxg5 hxg5 28. Nf3 Nf7 29. Kg2 Kd7 30. Kg3 a5 31. Bg6 Nh6 32. Bxe8+ Rcxe8 33. Qxg5 Qxg5 34. Nxg5 b4 35. axb4 axb4 36. Nf7 Nxf7 37. Rxf7+ Re7 38. Rxe7+ Kxe7 39. Ra1 Rb8 40. g5 bxc3 41. bxc3 Rb3 42. Rc1 Rb2 43. Rf1 Rc2 44. Rf3 Rc1 45. Kg4 Rg1+ 46. Rg3 Rh1 47. g6 Rf1 48. Kg5 Rf5+ 49. Kg4 Rf1 50. Rh3 Rg1+ 51. Kh4 Rf1 52. h6 gxh6 53. Kh5 Kf8 54. Kxh6 Kg8 55. Rh2 Rf3 56. Ra2 Rh3+ 57. Kg5 Rxc3 58. Kf6 Rf3+ 59. Kxe6 Kg7 60. Kxd5 c3 61. Kc4 Kxg6 62. Rc2 Kf5 63. Rxc3 Rf1 64. Kd5 Rf2 65. Kd6 Rh2 66. d5 Ra2 67. e6 Kf6 68. Kd7 Ra7+ 69. Rc7 Rxc7+ 70. Kxc7 1-0

[Event "98th Caplin Hastings Masters 2024-25"]
[Site "Hastings"]
[Date "2024.12.29"]
[Round "3.36"]
[White "Sciupokas, Arunas"]
[Black "Jacobs, Simon"]
[Result "1/2-1/2"]
[ECO "B13"]
[WhiteElo "1969"]
[BlackElo "1873"]
[Annotator "NA RC"]
[PlyCount "58"]
[EventDate "2024.12.23"]
[EventType "swiss"]
[EventCountry "ENG"]
[SourceTitle "playchess.com"]
[Source "ChessBase"]
[SourceQuality "1"]
[TimeControl "5400+30"]

1. e4 c6 2. d4 d5 3. exd5 cxd5 4. c4 Nf6 5. Nc3 Nc6 6. Nf3 a6 7. c5 Bg4 8. Be2 e6 9. O-O Be7 10. Bf4 O-O 11. h3 Bxf3 12. Bxf3 Nd7 13. Rc1 Bf6 14. Ne2 Qa5 15. a3 Rfc8 16. Rc3 Qd8 17. b4 b5 18. Rb3 Ndb8 19. Qd3 Na7 20. Ng3 Nbc6 21. Be3 g6 22. Ne2 Rab8 23. g3 Qf8 24. Qd2 Rb7 25. Bh6 Bg7 26. Bxg7 Qxg7 27. Qf4 Rd8 28. Rd1 Ne7 29. Bg2 Nac6 1/2-1/2

[Event "98th Caplin Hastings Masters 2024-25"]
[Site "Hastings"]
[Date "2024.12.29"]
[Round "3.37"]
[White "Rubeck, Jonathan"]
[Black "Ashton, Alannah"]
[Result "1-0"]
[ECO "B22"]
[WhiteElo "1824"]
[BlackElo "1953"]
[Annotator "NA RC"]
[PlyCount "28"]
[EventDate "2024.12.23"]
[EventType "swiss"]
[EventCountry "ENG"]
[SourceTitle "playchess.com"]
[Source "ChessBase"]
[SourceQuality "1"]
[TimeControl "5400+30"]

1. e4 c5 2. c3 d5 3. exd5 Qxd5 4. d4 Nc6 5. Nf3 Bf5 6. Be2 cxd4 7. cxd4 Bxb1 8. Rxb1 O-O-O 9. O-O e6 10. Be3 Nf6 11. Qa4 Kb8 12. Rfc1 Qa5 13. Qxa5 Nxa5 14. Ne5 Rg8 1-0